 Dungeon Crawl Stone Soup version 0.29-a0-284-gf9362112df (webtiles) character file.

Game seed: 9824795002313084560

308 rabbitsville the Cleaver (level 6, -2/51 HPs)
             Began as a Hill Orc Monk on Mar 25, 2022.
             Slain by Blork the orc
             ... wielding a +1 hand axe of electrocution
              (5 damage)
             ... on level 5 of the Dungeon.
             The game lasted 00:12:16 (3586 turns).

rabbitsville the Cleaver (Hill Orc Monk)            Turns: 3586, Time: 00:12:17

Health: -2/51      AC:  9    Str: 16    XL:     6   Next: 40%
Magic:  6/6        EV: 10    Int: 14    God:
Gold:   190        SH:  0    Dex: 13    Spells: 5/5 levels left

rFire   + . .      SeeInvis .   a - +0 hand axe
rCold   . . .      Faith    .   (no shield)
rNeg    + + .      Spirit   .   o - +0 scale mail
rPois   .          Reflect  .   k - +2 hat
rElec   .          Harm     .   w - +0 cloak
rCorr   .          Rampage  .   (no gloves)
Will    .....                   (no boots)
Stlth   ..........              (no amulet)
HPRegen 0.17/turn               v - ring "Ytumpuq" {Fire rN++ Int+4}
MPRegen 0.10/turn               p - ring of protection from cold

@: flying
A: no striking features
a: no special abilities


You were on level 5 of the Dungeon.
You visited 1 branch of the dungeon, and saw 5 of its levels.

You collected 190 gold pieces.

Inventory:

Hand Weapons
 a - a +0 hand axe (weapon)
Missiles
 e - 2 javelins (quivered)
Armour
 b - a +0 robe
 k - a +2 hat (worn)
 o - a +0 scale mail (worn)
 w - a +0 cloak (worn)
Jewellery
 c - a +4 ring of protection
 n - a +6 ring of intelligence
 p - a ring of protection from cold (right hand)
 v - the ring "Ytumpuq" (left hand) {Fire rN++ Int+4}
   (You found it on level 3 of the Dungeon)

   [ring of fire]

   It enhances your fire magic.
   Int:       It affects your intelligence (+4).
   rF:        It protects you from fire.
   rC:        It makes you vulnerable to cold.
   rN:        It greatly protects you from negative energy.
Scrolls
 g - a scroll of holy word {unknown}
 h - a scroll of teleportation
 j - 2 scrolls of identify {unknown}
 q - a scroll of vulnerability {unknown}
 s - a scroll of silence {unknown}
 u - a scroll of enchant armour {unknown}
Potions
 d - a potion of brilliance {unknown}
 f - a potion of flight
 i - 2 potions of resistance {unknown}
 l - a potion of curing {unknown}
 m - a potion of magic {unknown}
 r - a potion of degeneration {unknown}
 t - a potion of mutation {unknown}


   Skills:
 - Level 3.6 Fighting
 * Level 9.2 Axes
 - Level 2.4 Dodging
 - Level 1.5 Stealth


You had 5 spell levels left.
You didn't know any spells.
Your spell library contained the following spells:

 Spells                   Type           Power      Damage    Failure   Level
 Blink                    Tloc           0%         N/A       86%         2
 Scorch                   Fire           0%         2d5       86%         2
 Lesser Beckoning         Tloc           0%         N/A       97%         3
 Flame Wave               Conj/Fire      0%         2d4       100%        4
 Passage of Golubria      Tloc           0%         N/A       100%        4
 Manifold Assault         Tloc           0%         N/A       100%        5
 Silence                  Hex/Air        0%         N/A       100%        5
 Summon Cactus Giant      Summ           0%         N/A       100%        6
 Lehudib's Crystal Spear  Conj/Erth      0%         10d2      100%        8


Dungeon Overview and Level Annotations

Branches:
Dungeon (5/15)
 Temple: D:4-7

Altars:
Makhleb
Uskayaw

Annotations:
D:5 Blork the orc, Sigmund


Message History

Blork the orc screams, "I'll eat your brain!
And then I'll vomit it back up!"
Blork the orc gestures at you while chanting.
The magic dart hits you!
Throw: 6 javelins
Press: ? - help, Q - select action Shift-Dir - straight line, f - Blork the orc
Aim: Blork the orc, wielding a +1 hand axe of electrocution and wearing a +0 robe (61% to hit)
You throw a javelin.
The javelin pierces through Blork the orc.
Blork the orc is lightly wounded.
Throw: 5 javelins
Press: ? - help, Q - select action Shift-Dir - straight line, f/p - Blork the orc
Aim: Blork the orc, wielding a +1 hand axe of electrocution and wearing a +0 robe (lightly wounded, 61% to hit)
You throw a javelin.
The javelin pierces through Blork the orc.
Blork the orc is moderately wounded.
Blork the orc grins evilly.
Throw: 4 javelins
Press: ? - help, Q - select action Shift-Dir - straight line, f/p - Blork the orc
Aim: Blork the orc, wielding a +1 hand axe of electrocution and wearing a +0 robe (moderately wounded, 61% to hit)
You throw a javelin.
The javelin pierces through Blork the orc.
Blork the orc is heavily wounded.
Throw: 3 javelins
Press: ? - help, Q - select action Shift-Dir - straight line, f/p - Blork the orc
Aim: Blork the orc, wielding a +1 hand axe of electrocution and wearing a +0 robe (heavily wounded, 61% to hit)
You throw a javelin.
The javelin barely misses Blork the orc.
Blork the orc screams, "You are the ugliest creature I've ever seen!"
Blork the orc hits you with a +1 hand axe of electrocution.
You are electrocuted!
You barely miss Blork the orc. You punch Blork the orc.
Blork the orc is heavily wounded.
Blork the orc hits you but does no damage.
You are electrocuted!
* * * LOW HITPOINT WARNING * * *
It was a potion of flight.
You feel very buoyant.
You fly up into the air.
Blork the orc hits you with a +1 hand axe of electrocution.
You die...

........ #..((.. ..<
...>> .... ... #...
#.#.... ##.#..##
#..#...### #.o......#
##@.....## ##........###
#...........####.
##....[.......|..
#..............#
########...#.........#..
##...#..#...##.....[.....
#...........##......#
#...........###)....#


You could see Blork the orc.

Vanquished Creatures
  A scorpion (D:5)
  A hound (D:4)
  5 orc wizards
  An adder (D:2)
  2 ufetubi
  2 dart slugs (D:2)
  9 orcs
  5 endoplasms
  3 giant cockroaches
  9 goblins
  3 hobgoblins
  2 jackals (D:1)
  2 quokkas
  5 ball pythons
  7 bats
  2 frilled lizards
  3 kobolds
  4 rats (D:1)
66 creatures vanquished.

Notes
Turn   | Place    | Note
-------+----------+-------------------------------------------
     0 | D:1      | rabbitsville the Hill Orc Monk began the quest for the Orb.
     0 | D:1      | Reached XP level 1. HP: 19/19 MP: 1/1
   329 | D:1      | Reached XP level 2. HP: 26/26 MP: 2/2
   401 | D:1      | Reached skill level 5 in Axes
  1018 | D:2      | Reached XP level 3. HP: 29/31 MP: 3/3
  1397 | D:2      | Found a faded altar of an unknown god.
  1415 | D:2      | Reached skill level 6 in Axes
  1892 | D:3      | Reached XP level 4. HP: 39/39 MP: 4/4
  2283 | D:3      | Identified the ring "Ytumpuq" {Fire rN++ Int+4}
  2430 | D:3      | Found a hide-covered altar of Uskayaw.
  2518 | D:4      | Reached skill level 7 in Axes
  2578 | D:4      | Reached XP level 5. HP: 36/45 MP: 5/5
  2637 | D:4      | Reached skill level 8 in Axes
  2746 | D:4      | Found a burning altar of Makhleb.
  3114 | D:4      | Noticed an ice beast
  3131 | D:5      | Entered Level 5 of the Dungeon
  3131 | D:5      | Noticed a sky beast
  3146 | D:5      | Noticed Sigmund
  3146 | D:5      | Noticed a yak
  3146 | D:5      | Noticed a yak
  3149 | D:5      | Noticed a yak
  3224 | D:5      | Reached XP level 6. HP: 25/51 MP: 6/6
  3424 | D:5      | Reached skill level 9 in Axes
  3575 | D:5      | Noticed Blork the orc
  3586 | D:5      | Slain by Blork the orc

Illustrated notes

Levels and vault maps discovered:
D:1:      matt_arrival_los_fun, layout_loops_ring, minmay_pentomino_v4
D:2:      layout_loops_cross, basic_ecumenical_altar
D:3:      layout_basic, mainiacjoe_overflow_small_starburst
D:4:      layout_loops_corners, kennysheep_little_box, vehumet_statue,
          amcnicky_altar_gilded, chequers_temple_overflow_minitemple
D:5:      layout_cave_pools, minmay_misc_feat_rows, uniq_sigmund,
          uniq_blork_the_orc

Skill      XL: |  1  2  3  4  5  6 |
---------------+-------------------+-----
Axes           | 5 6 7 8 9 |  9.2
Fighting       | |  3.6
Dodging        | |  2.4
Stealth        | |  1.5

Action                   |  1- 3 |  4- 6 || total
-------------------------+-------+-------++-------
Melee: Hand axe          |   110 |   189 ||   299
       Punch             |       |     2 ||     2
Throw: Javelin           |       |     4 ||     4
  Use: Scroll            |       |     3 ||     3
       Potion            |       |     2 ||     2
 Stab: Sleeping          |     8 |       ||     8
Armor: Robe              |    21 |       ||    21
       Scale mail        |     8 |    85 ||    93
Dodge: Dodged            |    66 |    77 ||   143

Table legend: (Time is in decaauts)
 A = Elapsed time spent in this place.
 B = Non-inter-level travel time spent in this place.
 C = Inter-level travel time spent in this place.
 D = Time resting spent in this place.
 E = Time spent auto-exploring this place.
 F = Levels seen in this place.
 G = Mean time per level.
                   A        B        C        D        E       F      G
               +--------+--------+--------+--------+--------+-----+--------+
         Total |   3576 |   3498 |     78 |    599 |   1777 |   5 |  715.2 |
       Dungeon |   3576 |   3498 |     78 |    599 |   1777 |   5 |  715.2 |
               +--------+--------+--------+--------+--------+-----+--------+

Top non-repeatable levels by time:
     D:1: 904 daAuts
     D:3: 875 daAuts
     D:2: 725 daAuts
     D:4: 619 daAuts
     D:5: 451 daAuts
